 Dungeon Crawl Stone Soup version 0.30-a0-793-g160f7cfddd (webtiles) character file.

Game seed: 8588605322465923450

255 cheesebisquit the Firebug (level 5, -2/38 HPs)
             Began as a Draconian Fire Elementalist on Feb 20, 2023.
             Slain by a scorpion (6 damage)
             ... on level 4 of the Dungeon.
             The game lasted 00:16:47 (3695 turns).

cheesebisquit the Firebug (DrFE)                    Turns: 3695, Time: 00:16:48

Health: -2/38      AC:  7    Str: 10    XL:     5   Next: 91%
Magic:  0/10       EV: 12    Int: 19    God:
Gold:   199        SH:  0    Dex: 12    Spells: 4/11 levels left

rFire   + . .      SeeInvis .    p - +5 morningstar "Teugy" {elec, Drain rPois Int+2}
rCold   + . .      Faith    .    (no shield)
rNeg    . . .      Spirit   .    (body armour unavailable)
rPois   +          Reflect  .    (helmet restricted)
rElec   +          Harm     .    n - scarf {repulsion}
rCorr   +          Rampage  .    m - +0 pair of gloves
Will    .....                    l - +0 pair of boots
Stlth   ++                       (no amulet)
HPRegen 0.26/turn                (no ring)
MPRegen 0.12/turn                (no ring)

@: resistant, repel missiles
A: AC +5, unfitting armour, cold-blooded
a: no special abilities


You were on level 4 of the Dungeon.
You visited 1 branch of the dungeon, and saw 4 of its levels.

You collected 199 gold pieces.

Inventory:

Hand Weapons
 j - the +8 Vampire's Tooth {megavamp}
   (You found it on level 2 of the Dungeon)
 p - the +5 morningstar "Teugy" (weapon) {elec, Drain rPois Int+2}
   (You found it on level 3 of the Dungeon)

   Int:       It affects your intelligence (+2).
   rPois:     It protects you from poison.
   Drain:     It drains your maximum health when unequipped.
 w - a +2 short sword of flaming
Missiles
 q - 6 boomerangs
 r - 6 poisoned darts
Armour
 l - a +0 pair of boots (worn)
 m - a +0 pair of gloves (worn)
 n - a scarf of repulsion (worn)
Scrolls
 c - 2 scrolls of poison {unknown}
 d - a scroll of teleportation {unknown}
 e - a scroll of silence {unknown}
 f - 3 scrolls of enchant weapon {unknown}
 g - 2 scrolls of identify {unknown}
 o - a scroll of magic mapping {unknown}
 u - a scroll of brand weapon {unknown}
 v - a scroll of vulnerability {unknown}
Potions
 h - a potion of degeneration {unknown}
 i - a potion of curing {unknown}
 k - a potion of brilliance {unknown}
 s - a potion of flight {unknown}
 t - a potion of heal wounds {unknown}


   Skills:
 - Level 1.7 Dodging
 - Level 1.7 Stealth
 + Level 3.6 Spellcasting
 + Level 1.5 Conjurations
 + Level 5.5 Fire Magic


You had 4 spell levels left.
You knew the following spells:

 Your Spells              Type           Power      Damage    Failure   Level
a - Flame Wave            Conj/Fire      16%        2d7       32%         4
b - Scorch                Fire           48%        2d7       2%          2
z - Foxfire               Conj/Fire      64%        2x1d7     3%          1

Your spell library contained the following spells:

 Spells                   Type           Power      Damage    Failure   Level
 Summon Small Mammal      Summ           12%        N/A       14%         1
 Inner Flame              Hex/Fire       14%        N/A       14%         3
 Kindle Blastsparks       Fire/Tloc/Air  20%        2d11      21%         3
 Call Canine Familiar     Summ           3%         N/A       41%         3
 Summon Guardian Golem    Hex/Summ       3%         N/A       41%         3


Dungeon Overview and Level Annotations

Branches:
Dungeon (4/15)
 Temple: D:4-7

Altars:
Cheibriados
Sif Muna


Innate Abilities, Weirdness & Mutations

Your plain brown scales are hard. (AC +5)
You cannot fit into any form of body armour.
You are cold-blooded and may be slowed by cold attacks.


Message History

Press: ? - help, Q - select action, (/) - cycle Dir - look around, f - activate Flames lash the kobold.
You kill the kobold!
The scorpion closely misses you. x2
Casting: Scorch (safe; 2% risk of failure)
Press: ? - help, Q - select action, (/) - cycle Dir - look around, f - activate Flames lash the orc.
You kill the orc!
The scorpion stings you.
* * * LOW HITPOINT WARNING * * *
Casting: Scorch (safe; 2% risk of failure)
Press: ? - help, Q - select action, (/) - cycle Dir - look around, f - activate Flames lash the scorpion but do no damage.
An orc comes into view. It is wielding a +0 hand axe.
The scorpion barely misses you.
Casting: Scorch (safe; 2% risk of failure)
Press: ? - help, Q - select action, (/) - cycle Dir - look around, f - activate Flames lash the orc.
You kill the orc!
The scorpion stings you.
* * * LOW HITPOINT WARNING * * *
You don't have enough magic to cast this spell.
You don't have enough magic to cast this spell.
Okay, then.
You closely miss the scorpion. The scorpion stings you.
* * * LOW HITPOINT WARNING * * *
The scorpion stings you but does no damage.
An orc comes into view. It is wielding a +0 short sword.
You don't have enough magic to cast this spell.
You closely miss the scorpion.
Your tail-slap misses the scorpion.
The scorpion stings you but does no damage. x2
Okay, then.
You barely miss the scorpion. The scorpion closely misses you.
The scorpion stings you but does no damage.
Casting: Scorch (safe; 2% risk of failure)
Press: ? - help, Q - select action, (/) - cycle Dir - look around, f - activate Flames lash the orc.
You kill the orc!
The scorpion stings you.
You die...

. .o ... #####
... .).# ..
#######<##.#
....S..)).<#
#######s##.#
######@## ..
#.......# #<.
#.......# ##
#.......#
#.......#
#.......#
#.......# #
#.......######..
######.#......#


You could see a scorpion.

Vanquished Creatures
  A scorpion (D:4)
  An orc wizard (D:4)
  4 gnolls (D:2)
  5 adders
  2 dart slugs
  12 orcs
  4 endoplasms
  A giant cockroach (D:2)
  6 goblins
  4 hobgoblins
  4 jackals
  7 kobolds
  4 quokkas
  6 ball pythons
  6 bats
  3 frilled lizards (D:2)
  6 rats
76 creatures vanquished.

Vanquished Creatures (others)
  130 foxfires
130 creatures vanquished.

Grand Total: 206 creatures vanquished

Notes
Turn   | Place    | Note
-------+----------+-------------------------------------------
     0 | D:1      | cheesebisquit the Draconian Fire Elementalist began the
                  | quest for the Orb.
     0 | D:1      | Reached XP level 1. HP: 14/14 MP: 3/3
   426 | D:1      | Reached XP level 2. HP: 20/20 MP: 0/5
  1065 | D:2      | Learned a level 2 spell: Scorch
  1065 | D:2      | Found the +8 Vampire's Tooth {megavamp}
  1121 | D:2      | Reached XP level 3. HP: 26/26 MP: 1/6
  1232 | D:2      | Reached skill level 4 in Fire Magic
  1708 | D:2      | Reached XP level 4. HP: 23/33 MP: 1/8
  2481 | D:2      | Learned a level 4 spell: Flame Wave
  2764 | D:3      | Identified the +5 morningstar "Teugy" {elec, Drain rPois
                  | Int+2}
  2934 | D:3      | Found a snail-covered altar of Cheibriados.
  3122 | D:3      | Found a shimmering blue altar of Sif Muna.
  3331 | D:4      | Reached skill level 5 in Fire Magic
  3389 | D:4      | Reached XP level 5. HP: 38/38 MP: 7/9
  3695 | D:4      | Slain by a scorpion

Illustrated notes

Levels and vault maps discovered:
D:1:      lightli_arrival_boilingwater, layout_basic
D:2:      layout_basic, minmay_indecisive_spiral
D:3:      layout_basic, nicolae_overflow_crystal_walls,
          mainiacjoe_overflow_surrounded_room
D:4:      layout_basic, serial_shops, shop_statue, kennysheep_pointless_box,
          kennysheep_generic_room_11

Skill      XL: |  1  2  3  4 |
---------------+-------------+-----
Fire Magic     | 4 5 |  5.5
Spellcasting   | 3 |  3.6
Dodging        | |  1.7
Stealth        | |  1.7
Conjurations   | |  1.5

Action                     |  1- 3 |  4- 6 || total
---------------------------+-------+-------++-------
  Melee: Unarmed           |     4 |       ||     4
         Punch             |     1 |     1 ||     2
         Tailslap          |     1 |       ||     1
         Quick blade       |     6 |     4 ||    10
         Morningstar       |       |    13 ||    13
   Cast: Foxfire           |    43 |    37 ||    80
         Scorch            |    11 |    26 ||    37
    Use: Potion            |       |     2 ||     2
 Armour: Skin              |    10 |    16 ||    26
  Dodge: Dodged            |    20 |    24 ||    44

Table legend: (Time is in decaauts)
 A = Elapsed time spent in this place.
 B = Non-inter-level travel time spent in this place.
 C = Inter-level travel time spent in this place.
 D = Time resting spent in this place.
 E = Time spent auto-exploring this place.
 F = Levels seen in this place.
 G = Mean time per level.
                   A        B        C        D        E       F      G
               +--------+--------+--------+--------+--------+-----+--------+
         Total |   3698 |   3595 |    103 |     84 |   3045 |   4 |  924.5 |
       Dungeon |   3698 |   3595 |    103 |     84 |   3045 |   4 |  924.5 |
               +--------+--------+--------+--------+--------+-----+--------+

Top non-repeatable levels by time:
     D:2: 1457 daAuts
     D:1: 1031 daAuts
     D:3: 813 daAuts
     D:4: 395 daAuts
